[Event "CZE-ch 2020"]
[Site "Pilsen"]
[Date "2020.08.23"]
[Round "1.2"]
[White "Kawulok, Marek"]
[Black "Laznicka, Viktor"]
[Result "1/2-1/2"]
[ECO "B40"]
[WhiteElo "2226"]
[BlackElo "2638"]
[Annotator "ChessBase"]
[PlyCount "61"]
[EventDate "2020.08.23"]
[EventType "swiss"]
[EventCountry "CZE"]
[SourceTitle "playchess.com"]
[Source "ChessBase"]
[SourceQuality "1"]
[TimeControl "40/5400+30:1800+30"]

1. e4 c5 2. Nf3 e6 3. g3 d5 4. exd5 exd5 5. d4 Nc6 6. Bg2 Bg4 7. h3 Bxf3 8. Qxf3 Qe7+ 9. Kf1 Nxd4 10. Qd3 O-O-O 11. Nc3 Qe6 12. Bg5 f6 13. Be3 Ne7 14. Bxd4 cxd4 15. Nb5 Qb6 16. Rd1 Nc6 17. Nxd4 Nxd4 18. Qxd4 Bc5 19. Qc3 Kb8 20. Qb3 Qa6+ 21. Qd3 Qxa2 22. b3 Rhe8 23. Bf3 g6 24. Kg2 Re5 25. Rhe1 Rxe1 26. Rxe1 Qa5 27. Re6 f5 28. Re5 Qb6 29. Rxd5 Rxd5 30. Qxd5 a5 31. Qg8+ 1/2-1/2

[Event "CZE-ch 2020"]
[Site "Pilsen"]
[Date "2020.08.23"]
[Round "1.4"]
[White "Vybiral, Zdenek"]
[Black "Michalik, Peter"]
[Result "1/2-1/2"]
[ECO "E27"]
[WhiteElo "2221"]
[BlackElo "2593"]
[Annotator "ChessBase"]
[PlyCount "71"]
[EventDate "2020.08.23"]
[EventType "swiss"]
[EventCountry "CZE"]
[SourceTitle "playchess.com"]
[Source "ChessBase"]
[SourceQuality "1"]
[TimeControl "40/5400+30:1800+30"]

1. d4 Nf6 2. c4 e6 3. Nc3 Bb4 4. a3 Bxc3+ 5. bxc3 O-O 6. f3 c5 7. e4 Ne8 8. Bd3 Nc6 9. Ne2 b6 10. O-O Ba6 11. f4 f5 12. d5 Na5 13. e5 Bxc4 14. Bxc4 Nxc4 15. d6 Qc8 16. Qd3 Na5 17. Rb1 Qc6 18. Be3 Qe4 19. Qxe4 fxe4 20. Ng3 Nc4 21. Bc1 e3 22. Ne4 h5 23. g3 Rf5 24. h4 g6 25. Re1 Ng7 26. a4 Rff8 27. Bxe3 Nf5 28. Bf2 Nh6 29. Kf1 Ng4 30. Ke2 Rac8 31. Bg1 Na3 32. Rb3 Nc4 33. Rb5 Na3 34. Rb3 Nc4 35. Rbb1 Na3 36. Rb3 1/2-1/2

[Event "CZE-ch 2020"]
[Site "Pilsen"]
[Date "2020.08.23"]
[Round "1.5"]
[White "Babula, Vlastimil"]
[Black "Eret, Jonas"]
[Result "1-0"]
[ECO "D37"]
[WhiteElo "2571"]
[BlackElo "2219"]
[Annotator "ChessBase"]
[PlyCount "71"]
[EventDate "2020.08.23"]
[EventType "swiss"]
[EventCountry "CZE"]
[SourceTitle "playchess.com"]
[Source "ChessBase"]
[SourceQuality "1"]
[TimeControl "40/5400+30:1800+30"]

1. d4 Nf6 2. c4 e6 3. Nf3 Bb4+ 4. Bd2 Be7 5. Nc3 d5 6. Bf4 O-O 7. e3 b6 8. cxd5 Nxd5 9. Nxd5 exd5 10. Bd3 c5 11. dxc5 bxc5 12. O-O Nc6 13. Rc1 Be6 14. Qa4 Nb4 15. Bb1 Bd7 16. Qd1 Be6 17. a3 Nc6 18. b4 c4 19. e4 a6 20. exd5 Qxd5 21. Qxd5 Bxd5 22. Nd2 Nd4 23. Rfe1 Ne6 24. Be5 Bg5 25. Rcd1 Rac8 26. Bc3 Bf6 27. Bxf6 gxf6 28. Nf1 Bc6 29. Ne3 Ba4 30. Rd6 c3 31. Rc1 Nf4 32. Kh1 c2 33. Bxc2 Rc3 34. Bxh7+ Kxh7 35. Rxc3 Bb5 36. g3 1-0

[Event "CZE-ch 2020"]
[Site "Pilsen"]
[Date "2020.08.23"]
[Round "1.6"]
[White "Frank, Adam"]
[Black "Nguyen, Thai Dai Van"]
[Result "0-1"]
[ECO "C78"]
[WhiteElo "2219"]
[BlackElo "2569"]
[Annotator "ChessBase"]
[PlyCount "58"]
[EventDate "2020.08.23"]
[EventType "swiss"]
[EventCountry "CZE"]
[SourceTitle "playchess.com"]
[Source "ChessBase"]
[SourceQuality "1"]
[TimeControl "40/5400+30:1800+30"]

1. e4 e5 2. Nf3 Nc6 3. Bb5 a6 4. Ba4 Nf6 5. O-O Bc5 6. c3 O-O 7. d4 Ba7 8. d5 Ne7 9. Nxe5 d6 10. Nf3 Nxe4 11. Bc2 Nf6 12. Bg5 Ng6 13. Nh4 h6 14. Nxg6 fxg6 15. Be3 Bxe3 16. fxe3 Ng4 17. Bxg6 Rf6 18. Rxf6 Qxf6 19. h3 Qf2+ 20. Kh1 Ne5 21. Bh5 Bxh3 22. gxh3 Rf8 23. Nd2 Qxe3 24. Nf1 Qxh3+ 25. Kg1 Rf5 26. Be2 Rg5+ 27. Kf2 Rg2+ 28. Ke1 Nf3+ 29. Bxf3 Qh4+ 0-1

[Event "CZE-ch 2020"]
[Site "Pilsen"]
[Date "2020.08.23"]
[Round "1.7"]
[White "Hracek, Zbynek"]
[Black "Vorisek, Jakub"]
[Result "1-0"]
[ECO "D00"]
[WhiteElo "2563"]
[BlackElo "2205"]
[Annotator "ChessBase"]
[PlyCount "49"]
[EventDate "2020.08.23"]
[EventType "swiss"]
[EventCountry "CZE"]
[SourceTitle "playchess.com"]
[Source "ChessBase"]
[SourceQuality "1"]
[TimeControl "40/5400+30:1800+30"]

1. d4 d5 2. Bf4 e6 3. e3 Bd6 4. Nf3 c5 5. dxc5 Bxc5 6. c4 Nf6 7. Nc3 O-O 8. Qc2 Nc6 9. Rd1 b6 10. a3 Bb7 11. Be2 Rc8 12. O-O a5 13. cxd5 exd5 14. Bg5 Ne7 15. Bxf6 gxf6 16. Bd3 Ng6 17. Bf5 Rc7 18. Qa4 Bc6 19. Qg4 Kh8 20. Qh5 Rg8 21. Be4 dxe4 22. Rxd8 Rxd8 23. Qf5 Be7 24. Nxe4 Rd5 25. Qh3 1-0

[Event "CZE-ch 2020"]
[Site "Pilsen"]
[Date "2020.08.23"]
[Round "1.8"]
[White "Houska, Jiri"]
[Black "Polak, Tomas"]
[Result "0-1"]
[ECO "E16"]
[WhiteElo "2202"]
[BlackElo "2563"]
[Annotator "ChessBase"]
[PlyCount "92"]
[EventDate "2020.08.23"]
[EventType "swiss"]
[EventCountry "CZE"]
[SourceTitle "playchess.com"]
[Source "ChessBase"]
[SourceQuality "1"]
[TimeControl "40/5400+30:1800+30"]

1. d4 Nf6 2. Nf3 b6 3. c4 Bb7 4. g3 e6 5. Bg2 Bb4+ 6. Bd2 a5 7. Nc3 O-O 8. O-O d6 9. Rc1 Nbd7 10. Re1 h6 11. Qc2 Re8 12. e4 e5 13. d5 Nc5 14. Na4 Bc8 15. a3 Bxd2 16. Nxd2 Bd7 17. Nxc5 bxc5 18. b3 Qb8 19. Rb1 Qa7 20. Rb2 Rab8 21. Reb1 Rb6 22. h3 Reb8 23. Qc3 Be8 24. Kh2 Qb7 25. f4 Nd7 26. Nf3 f6 27. h4 a4 28. b4 cxb4 29. Rxb4 Qa7 30. Ne1 Nc5 31. Nd3 Nxd3 32. Qxd3 Rxb4 33. axb4 exf4 34. gxf4 Qf2 35. Qg3 Qc2 36. Rg1 Rxb4 37. Kh1 Rb1 38. e5 Rxg1+ 39. Kxg1 Qg6 40. Qe3 fxe5 41. fxe5 dxe5 42. c5 Bd7 43. c6 Bc8 44. Qa3 Kf7 45. Qxa4 Bh3 46. Qe4 Qxg2+ 0-1

[Event "CZE-ch 2020"]
[Site "Pilsen"]
[Date "2020.08.23"]
[Round "1.9"]
[White "Simacek, Pavel"]
[Black "Simet, Martin"]
[Result "1-0"]
[ECO "B07"]
[WhiteElo "2474"]
[BlackElo "2194"]
[Annotator "ChessBase"]
[PlyCount "61"]
[EventDate "2020.08.23"]
[EventType "swiss"]
[EventCountry "CZE"]
[SourceTitle "playchess.com"]
[Source "ChessBase"]
[SourceQuality "1"]
[TimeControl "40/5400+30:1800+30"]

1. e4 d6 2. d4 Nf6 3. Nc3 e5 4. dxe5 dxe5 5. Qxd8+ Kxd8 6. Bg5 Be6 7. f4 exf4 8. Nge2 Bd6 9. Nxf4 h6 10. Nxe6+ fxe6 11. Bd2 Nbd7 12. Be2 a6 13. O-O-O Ke7 14. g4 b5 15. a3 Rab8 16. h3 b4 17. axb4 Rxb4 18. b3 Rhb8 19. Bxa6 Nc5 20. Be2 Nfxe4 21. Nxe4 Nxe4 22. Bxb4 Bxb4 23. c3 Nxc3 24. Rd2 e5 25. Bf3 e4 26. Bxe4 Nxe4 27. Re2 Bd2+ 28. Kc2 Rb4 29. Kd3 Rxb3+ 30. Kxe4 Bb4 31. Kd5+ 1-0

[Event "CZE-ch 2020"]
[Site "Pilsen"]
[Date "2020.08.23"]
[Round "1.10"]
[White "Flajsman, Pavel"]
[Black "Malinovsky, Karel"]
[Result "1/2-1/2"]
[ECO "E06"]
[WhiteElo "2184"]
[BlackElo "2474"]
[Annotator "ChessBase"]
[PlyCount "63"]
[EventDate "2020.08.23"]
[EventType "swiss"]
[EventCountry "CZE"]
[SourceTitle "playchess.com"]
[Source "ChessBase"]
[SourceQuality "1"]
[TimeControl "40/5400+30:1800+30"]

1. d4 d5 2. Nf3 Nf6 3. c4 e6 4. g3 Be7 5. Bg2 O-O 6. O-O dxc4 7. Ne5 c5 8. dxc5 Qc7 9. Nxc4 Qxc5 10. b3 Rd8 11. Qc2 Nc6 12. Ba3 Nb4 13. Bxb4 Qxb4 14. a3 Qc5 15. Nbd2 Rb8 16. Rac1 Bd7 17. b4 Qh5 18. Ne4 Bb5 19. a4 Nxe4 20. Bxe4 Bxc4 21. Qxc4 b5 22. axb5 Qxb5 23. Qxb5 Rxb5 24. Rc7 Bf6 25. Rxa7 Rxb4 26. Bf3 Rbd4 27. Kg2 R4d7 28. Rxd7 Rxd7 29. Rb1 g6 30. Rb7 Rxb7 31. Bxb7 h5 32. h4 1/2-1/2

[Event "CZE-ch 2020"]
[Site "Pilsen"]
[Date "2020.08.23"]
[Round "1.11"]
[White "Havelka, Josef"]
[Black "Novotny, Martin"]
[Result "1/2-1/2"]
[ECO "C08"]
[WhiteElo "2367"]
[BlackElo "2180"]
[Annotator "ChessBase"]
[PlyCount "66"]
[EventDate "2020.08.23"]
[EventType "swiss"]
[EventCountry "CZE"]
[SourceTitle "playchess.com"]
[Source "ChessBase"]
[SourceQuality "1"]
[TimeControl "40/5400+30:1800+30"]

1. e4 e6 2. d4 d5 3. Nd2 c5 4. exd5 exd5 5. Bb5+ Nc6 6. Ngf3 cxd4 7. O-O Bd6 8. Re1+ Nge7 9. h3 O-O 10. Nb3 Bd7 11. Nbxd4 Re8 12. Bf1 a6 13. c4 Qc7 14. Bg5 Nxd4 15. Qxd4 Bc5 16. Qc3 Qb6 17. Be3 Rac8 18. Bxc5 Qxc5 19. b4 Qa7 20. Qb3 Be6 21. Rac1 h6 22. c5 Nc6 23. a4 b6 24. cxb6 Qxb6 25. b5 Na7 26. Qb4 axb5 27. axb5 Bd7 28. Rxc8 Rxc8 29. Nd4 Rb8 30. Re7 Nxb5 31. Rxd7 Nxd4 32. Qxb6 Rxb6 33. Rxd5 Ne6 1/2-1/2

[Event "CZE-ch 2020"]
[Site "Pilsen"]
[Date "2020.08.23"]
[Round "1.13"]
[White "Finek, Vaclav"]
[Black "Jezek, Jan"]
[Result "1-0"]
[ECO "A41"]
[WhiteElo "2344"]
[BlackElo "2162"]
[Annotator "ChessBase"]
[PlyCount "89"]
[EventDate "2020.08.23"]
[EventType "swiss"]
[EventCountry "CZE"]
[SourceTitle "playchess.com"]
[Source "ChessBase"]
[SourceQuality "1"]
[TimeControl "40/5400+30:1800+30"]

1. d4 d6 2. Nf3 Nd7 3. c4 Ngf6 4. Nc3 c6 5. g3 e5 6. Bg2 Be7 7. O-O O-O 8. b4 a5 9. b5 exd4 10. Nxd4 c5 11. Nf5 Nb6 12. Ne3 Qc7 13. Bb2 Be6 14. Qd3 Rfe8 15. f4 Rad8 16. f5 Bc8 17. Rad1 Bf8 18. Rf4 Qe7 19. Bc1 Nbd7 20. Ned5 Nxd5 21. Bxd5 Ne5 22. Qc2 g5 23. Rff1 h6 24. Ne4 Kh8 25. f6 Qd7 26. Bxg5 Qh3 27. Bc1 Ng4 28. e3 Be6 29. Rf4 Bxd5 30. Rxd5 Re5 31. Qe2 Rxd5 32. cxd5 Ne5 33. Nf2 Qd7 34. e4 Ng6 35. Qh5 Qxb5 36. Rf3 Qb1 37. Rc3 Re8 38. Kg2 Re5 39. Qh3 Rxe4 40. Qf5 Rb4 41. Qh5 Kh7 42. a3 Rd4 43. Be3 Qa2 44. Bxd4 Qxd5+ 45. Qxd5 1-0

[Event "CZE-ch 2020"]
[Site "Pilsen"]
[Date "2020.08.23"]
[Round "1.14"]
[White "Pychova, Nela"]
[Black "Sorm, Daniel"]
[Result "0-1"]
[ECO "A13"]
[WhiteElo "2159"]
[BlackElo "2343"]
[Annotator "ChessBase"]
[PlyCount "130"]
[EventDate "2020.08.23"]
[EventType "swiss"]
[EventCountry "CZE"]
[SourceTitle "playchess.com"]
[Source "ChessBase"]
[SourceQuality "1"]
[TimeControl "40/5400+30:1800+30"]

1. c4 e6 2. Nf3 d5 3. b3 d4 4. Bb2 c5 5. b4 Nf6 6. d3 b6 7. Nbd2 Bd6 8. g3 Bb7 9. Bg2 O-O 10. O-O Nbd7 11. Rb1 Qc7 12. Ba3 e5 13. bxc5 Nxc5 14. Bxc5 Bxc5 15. Nb3 Ba3 16. Na1 Rfd8 17. Qa4 Bc5 18. Nd2 Bxg2 19. Kxg2 Qb7+ 20. Kg1 e4 21. Nab3 Qe7 22. Nxc5 bxc5 23. Nxe4 Nxe4 24. dxe4 Qxe4 25. Rfe1 h5 26. Qb3 h4 27. Qd3 Qg4 28. Rb7 Re8 29. Kg2 h3+ 30. Kf1 Qe6 31. Rb5 Rac8 32. Rc1 Rc7 33. Qf3 a6 34. Rb2 Rce7 35. Rd2 Qh6 36. Rcd1 Rb8 37. Qd3 Reb7 38. e4 dxe3 39. Qxe3 Qxe3 40. fxe3 Rb4 41. Rc2 Ra4 42. Ke2 Rbb4 43. Rd8+ Kh7 44. Kd3 f5 45. Rd5 Ra3+ 46. Ke2 Rba4 47. Rxf5 Rxa2 48. Rxa2 Rxa2+ 49. Kf1 Rxh2 50. Rxc5 Kg6 51. g4 Ra2 52. Kg1 a5 53. Rf5 a4 54. c5 Rc2 55. c6 Rxc6 56. Kh2 Ra6 57. Rf2 a3 58. Ra2 Kg5 59. Kxh3 Ra4 60. Kg3 Rxg4+ 61. Kf3 Ra4 62. e4 Kf6 63. Ke3 Ke5 64. Kd3 g5 65. Kc2 Kxe4 0-1

[Event "CZE-ch 2020"]
[Site "Pilsen"]
[Date "2020.08.23"]
[Round "1.15"]
[White "Cerveny, Petr"]
[Black "Nagy, Ladislav"]
[Result "1/2-1/2"]
[ECO "C86"]
[WhiteElo "2340"]
[BlackElo "2150"]
[Annotator "ChessBase"]
[PlyCount "130"]
[EventDate "2020.08.23"]
[EventType "swiss"]
[EventCountry "CZE"]
[SourceTitle "playchess.com"]
[Source "ChessBase"]
[SourceQuality "1"]
[TimeControl "40/5400+30:1800+30"]

1. e4 e5 2. Nf3 Nc6 3. Bb5 a6 4. Ba4 Nf6 5. Qe2 Be7 6. O-O b5 7. Bb3 d6 8. c3 Na5 9. Bc2 c5 10. d4 Qc7 11. d5 c4 12. b4 cxb3 13. axb3 O-O 14. Rd1 Bd7 15. h3 Bd8 16. Bd2 Qc8 17. Be3 h6 18. Ra3 Qb8 19. Qd2 Bc7 20. Bd3 Rc8 21. Qa2 Nb7 22. Rxa6 Nc5 23. Bxc5 dxc5 24. Nbd2 Ne8 25. Ra1 Rxa6 26. Qxa6 f6 27. Qa7 Qxa7 28. Rxa7 Nd6 29. Be2 Be8 30. Nh4 h5 31. Nf5 Nxf5 32. exf5 Bb6 33. Ra6 Rb8 34. c4 b4 35. Ne4 Bd7 36. Bd3 Bc8 37. Ra1 Kh7 38. h4 Kh6 39. Nd6 Bd7 40. g3 Rf8 41. Ra6 Rb8 42. Kg2 Kh7 43. Be2 Kh6 44. Bd3 Kh7 45. Kf1 Kg8 46. Ke2 Kf8 47. Ne4 Ke7 48. Nd2 Kd8 49. Nf1 Kc7 50. Be4 Bc8 51. Ra1 Kd6 52. Ne3 Bd7 53. Kd3 Be8 54. Bf3 Kc7 55. Be4 Kd6 56. Ke2 Kd7 57. Kf3 Kd6 58. Kg2 Kc7 59. Kh2 Kd6 60. Ra6 Bd7 61. Bf3 Be8 62. Bd1 Bf7 63. Bf3 Be8 64. Be4 Bd7 65. Bf3 Be8 1/2-1/2

[Event "CZE-ch 2020"]
[Site "Pilsen"]
[Date "2020.08.23"]
[Round "1.16"]
[White "Nemec, Jachym"]
[Black "Hurdzan, Tomas"]
[Result "0-1"]
[ECO "D85"]
[WhiteElo "2150"]
[BlackElo "2325"]
[Annotator "ChessBase"]
[PlyCount "76"]
[EventDate "2020.08.23"]
[EventType "swiss"]
[EventCountry "CZE"]
[SourceTitle "playchess.com"]
[Source "ChessBase"]
[SourceQuality "1"]
[TimeControl "40/5400+30:1800+30"]

1. d4 Nf6 2. Nf3 g6 3. c4 Bg7 4. Nc3 d5 5. cxd5 Nxd5 6. e4 Nxc3 7. bxc3 c5 8. Rb1 O-O 9. Be2 b6 10. O-O Bb7 11. d5 Bxc3 12. h4 Nd7 13. Bf4 Bg7 14. Bc4 Nf6 15. Re1 Qc8 16. Ne5 Ba6 17. Nc6 Re8 18. Bxa6 Qxa6 19. Qb3 Rac8 20. e5 Nxd5 21. Qxd5 Qa4 22. e6 Qxf4 23. Qd7 Qc7 24. Nxa7 Red8 25. Nxc8 Rxd7 26. exd7 Qxd7 27. Nxe7+ Kf8 28. Rxb6 Bc3 29. Re4 Kg7 30. Rb3 Qd2 31. Kh2 Be5+ 32. Rxe5 Qf4+ 33. Kg1 Qxe5 34. Re3 Qa1+ 35. Kh2 Qxa2 36. Rf3 Qe6 37. Re3 Qd6+ 38. Kg1 c4 0-1

[Event "CZE-ch 2020"]
[Site "Pilsen"]
[Date "2020.08.23"]
[Round "1.17"]
[White "Simek, Petr"]
[Black "Taus, Martin"]
[Result "1/2-1/2"]
[ECO "A20"]
[WhiteElo "2324"]
[BlackElo "2142"]
[Annotator "ChessBase"]
[PlyCount "86"]
[EventDate "2020.08.23"]
[EventType "swiss"]
[EventCountry "CZE"]
[SourceTitle "playchess.com"]
[Source "ChessBase"]
[SourceQuality "1"]
[TimeControl "40/5400+30:1800+30"]

1. c4 e5 2. g3 d5 3. cxd5 Qxd5 4. Nf3 Nc6 5. Nc3 Qd6 6. Bg2 Nf6 7. O-O Bf5 8. d3 O-O-O 9. Qa4 Qb4 10. Ng5 Qxa4 11. Nxa4 Bg6 12. Bxc6 bxc6 13. Be3 Kb7 14. Rac1 h6 15. Nf3 e4 16. dxe4 Bxe4 17. Ne5 Bd5 18. Rfd1 Bd6 19. Nc4 Rhe8 20. Na5+ Ka6 21. Nxc6 Bxc6 22. Rxc6+ Kb5 23. Rdc1 Rxe3 24. fxe3 Kxa4 25. Ra6+ Kb5 26. Rxa7 Bc5 27. Rxc5+ Kxc5 28. Rxc7+ Kd5 29. Rxf7 Rd7 30. Rxd7+ Nxd7 31. Kf2 Ke4 32. a4 Nc5 33. a5 Na6 34. Kg2 g5 35. h3 h5 36. Kf2 Nb4 37. Kg2 Kxe3 38. Kf1 Kd4 39. Kf2 Ke4 40. Kg2 Ke3 41. Kf1 Kd4 42. Kf2 Ke4 43. Kg2 Ke3 1/2-1/2

[Event "CZE-ch 2020"]
[Site "Pilsen"]
[Date "2020.08.23"]
[Round "1.18"]
[White "Babula ml., Vlastimil"]
[Black "Mica, Marek"]
[Result "0-1"]
[ECO "C18"]
[WhiteElo "2138"]
[BlackElo "2315"]
[Annotator "ChessBase"]
[PlyCount "92"]
[EventDate "2020.08.23"]
[EventType "swiss"]
[EventCountry "CZE"]
[SourceTitle "playchess.com"]
[Source "ChessBase"]
[SourceQuality "1"]
[TimeControl "40/5400+30:1800+30"]

1. e4 e6 2. d4 d5 3. Nc3 Bb4 4. e5 c5 5. a3 Bxc3+ 6. bxc3 Qc7 7. Bd2 Ne7 8. Bd3 b6 9. Qg4 Nbc6 10. Nf3 c4 11. Be2 Ng6 12. Nh4 Bd7 13. Nxg6 hxg6 14. Bg5 Na5 15. h4 Ba4 16. Kd2 Kd7 17. h5 gxh5 18. Rxh5 Kc6 19. Rah1 Rxh5 20. Rxh5 Qc8 21. Be7 Qg8 22. Rg5 g6 23. Qf4 Re8 24. Qf6 Kd7 25. Bb4 Nb7 26. Bh5 Qh7 27. Bf3 a5 28. Bd6 Nxd6 29. exd6 Bc6 30. Kc1 Kxd6 31. Rg3 Qh6+ 32. Kb2 Qd2 33. Qe5+ Kd7 34. Qe2 Qxe2 35. Bxe2 Rh8 36. Rh3 Rxh3 37. gxh3 f6 38. Kc1 g5 39. Kd2 e5 40. Ke3 Kd6 41. Bg4 Bd7 42. f3 Bxg4 43. hxg4 Kc6 44. a4 b5 45. axb5+ Kxb5 46. Kd2 a4 0-1

[Event "CZE-ch 2020"]
[Site "Pilsen"]
[Date "2020.08.23"]
[Round "1.19"]
[White "Kozusek, Daniel"]
[Black "Bartos, Jan"]
[Result "1-0"]
[ECO "D02"]
[WhiteElo "2307"]
[BlackElo "2131"]
[Annotator "ChessBase"]
[PlyCount "81"]
[EventDate "2020.08.23"]
[EventType "swiss"]
[EventCountry "CZE"]
[SourceTitle "playchess.com"]
[Source "ChessBase"]
[SourceQuality "1"]
[TimeControl "40/5400+30:1800+30"]

1. d4 d5 2. Nf3 Nf6 3. c4 e6 4. g3 Bb4+ 5. Bd2 Be7 6. Bg2 O-O 7. Qc2 Ne4 8. Nc3 Nxc3 9. bxc3 Nd7 10. cxd5 exd5 11. c4 dxc4 12. Qxc4 c5 13. O-O Nb6 14. Qd3 cxd4 15. Rfd1 Be6 16. Ba5 Bd5 17. e4 Bc6 18. Nxd4 Bf6 19. f4 Qe8 20. e5 Bxg2 21. Kxg2 Be7 22. Qf3 Nc4 23. Bc3 Rc8 24. Rd3 b6 25. Nf5 Bc5 26. Rad1 Qc6 27. Qxc6 Rxc6 28. Rd7 b5 29. Kf3 Ra6 30. Ba1 Ra3+ 31. Kg4 Ne3+ 32. Nxe3 Rxe3 33. R7d5 Bb6 34. Rxb5 Rc8 35. Bd4 Bxd4 36. Rxd4 h5+ 37. Kxh5 Rc2 38. Rb8+ Kh7 39. Rdd8 Rxh2+ 40. Kg4 Rf2 41. f5 1-0

[Event "CZE-ch 2020"]
[Site "Pilsen"]
[Date "2020.08.23"]
[Round "1.20"]
[White "Folk, Petr"]
[Black "Orsag, Milan"]
[Result "0-1"]
[ECO "B46"]
[WhiteElo "2122"]
[BlackElo "2300"]
[Annotator "ChessBase"]
[PlyCount "100"]
[EventDate "2020.08.23"]
[EventType "swiss"]
[EventCountry "CZE"]
[SourceTitle "playchess.com"]
[Source "ChessBase"]
[SourceQuality "1"]
[TimeControl "40/5400+30:1800+30"]

1. e4 c5 2. Nf3 e6 3. Nc3 a6 4. d4 cxd4 5. Nxd4 Nc6 6. Nxc6 bxc6 7. Bd3 d5 8. O-O Nf6 9. Re1 Be7 10. e5 Nd7 11. Qg4 Kf8 12. Na4 h5 13. Qe2 Bb7 14. b3 c5 15. Ba3 Qc7 16. c4 d4 17. Rad1 g6 18. Be4 Rb8 19. Bxb7 Rxb7 20. Rd3 h4 21. Qe4 Rh5 22. f4 Rb8 23. Rh3 Nb6 24. g4 Rh8 25. Nb2 a5 26. Nd3 a4 27. Rf1 axb3 28. f5 gxf5 29. gxf5 Rg8+ 30. Kh1 Nxc4 31. f6 Nxa3 32. fxe7+ Qxe7 33. axb3 c4 34. bxc4 Nxc4 35. Qxh4 Qxh4 36. Rxh4 Ne3 37. Rc1 Nf5 38. Rh7 Ne7 39. Rf1 Rg7 40. Rh8+ Rg8 41. Rh7 Nf5 42. Ra1 Ke8 43. Nc5 Rf8 44. Ne4 Kd7 45. Nf6+ Kc6 46. Rc1+ Kb5 47. Nd7 Rh8 48. Rxf7 Rbg8 49. Nf6 Ng3+ 50. Kg2 Ne2+ 0-1

[Event "CZE-ch 2020"]
[Site "Pilsen"]
[Date "2020.08.23"]
[Round "1.21"]
[White "Serrano Salvador, Eduardo"]
[Black "Smolik, Jachym"]
[Result "1/2-1/2"]
[ECO "D38"]
[WhiteElo "2299"]
[BlackElo "2121"]
[Annotator "ChessBase"]
[PlyCount "110"]
[EventDate "2020.08.23"]
[EventType "swiss"]
[EventCountry "CZE"]
[SourceTitle "playchess.com"]
[Source "ChessBase"]
[SourceQuality "1"]
[TimeControl "40/5400+30:1800+30"]

1. d4 Nf6 2. Nf3 e6 3. c4 d5 4. Nc3 Bb4 5. cxd5 exd5 6. Qa4+ Nc6 7. Bg5 O-O 8. Rc1 Qd6 9. Bxf6 Qxf6 10. a3 Bxc3+ 11. Rxc3 Bg4 12. Ne5 Nxe5 13. dxe5 Qg6 14. Rg3 Qb1+ 15. Qd1 Qxd1+ 16. Kxd1 Bf5 17. Rb3 b6 18. e3 c5 19. Be2 Rad8 20. Kc1 d4 21. Rd1 Be6 22. Rbd3 Bc4 23. R3d2 Bb3 24. Re1 dxe3 25. Rxd8 Rxd8 26. f4 Rd4 27. g3 g5 28. fxg5 Re4 29. Bd1 Be6 30. Bf3 Rxe5 31. Kc2 Rxg5 32. Rxe3 c4 33. Kc3 Rb5 34. Bd1 Kg7 35. Bc2 h6 36. Re4 a6 37. Rd4 Kf6 38. Rh4 Kg7 39. Rd4 Rh5 40. h4 Re5 41. Re4 Kf6 42. Kd4 Rf5 43. Rf4 Rxf4+ 44. gxf4 h5 45. Be4 a5 46. Bf3 Kf5 47. Bxh5 Kxf4 48. Be2 f6 49. Bd1 Bg4 50. Ba4 Be2 51. Bd7 Bg4 52. Be8 Be6 53. a4 Kg4 54. h5 Kg5 55. Ke4 Bg8 1/2-1/2

[Event "CZE-ch 2020"]
[Site "Pilsen"]
[Date "2020.08.23"]
[Round "1.22"]
[White "Koubova, Anna Marie"]
[Black "Stinka, Jakub"]
[Result "0-1"]
[ECO "E16"]
[WhiteElo "2099"]
[BlackElo "2299"]
[Annotator "ChessBase"]
[PlyCount "72"]
[EventDate "2020.08.23"]
[EventType "swiss"]
[EventCountry "CZE"]
[SourceTitle "playchess.com"]
[Source "ChessBase"]
[SourceQuality "1"]
[TimeControl "40/5400+30:1800+30"]

1. Nf3 Nf6 2. d4 e6 3. c4 Bb4+ 4. Bd2 Qe7 5. g3 Nc6 6. Bg2 Bxd2+ 7. Nbxd2 O-O 8. O-O d6 9. e4 e5 10. d5 Nb8 11. Rc1 a5 12. Qc2 Na6 13. a3 Bg4 14. Rfe1 c6 15. dxc6 bxc6 16. Qc3 Bxf3 17. Bxf3 a4 18. b4 axb3 19. Nxb3 c5 20. Rb1 Nc7 21. Na5 Ne6 22. Rb7 Qe8 23. Rb6 Nd4 24. Nb7 Nd7 25. Rb2 Qe6 26. Reb1 Ra4 27. Bd1 Ra6 28. a4 f5 29. exf5 Qxf5 30. a5 e4 31. Qe3 Ne5 32. Rb6 Nxc4 33. Bb3 Nxb3 34. Qxb3 Rxb6 35. axb6 Qxf2+ 36. Kh1 d5 0-1

[Event "CZE-ch 2020"]
[Site "Pilsen"]
[Date "2020.08.23"]
[Round "1.23"]
[White "Rabatin, Jakub"]
[Black "Placer, Sebastian"]
[Result "1/2-1/2"]
[ECO "C03"]
[WhiteElo "2291"]
[BlackElo "2097"]
[Annotator "ChessBase"]
[PlyCount "99"]
[EventDate "2020.08.23"]
[EventType "swiss"]
[EventCountry "CZE"]
[SourceTitle "playchess.com"]
[Source "ChessBase"]
[SourceQuality "1"]
[TimeControl "40/5400+30:1800+30"]

1. e4 e6 2. d4 d5 3. Nd2 a6 4. Ngf3 c5 5. exd5 exd5 6. Be2 Nf6 7. O-O Be7 8. dxc5 Bxc5 9. Nb3 Bb6 10. Bg5 O-O 11. c3 Re8 12. Nfd4 Nc6 13. Bf3 Be6 14. Re1 h6 15. Bh4 Rc8 16. Qd3 Qd7 17. Nxc6 Qxc6 18. Bxf6 gxf6 19. Rad1 Rcd8 20. Nd4 Qc7 21. Qd2 Kg7 22. Re3 Bc5 23. Rde1 Qc8 24. Bh5 Bd6 25. Qd3 Be5 26. f4 Bxd4 27. Qxd4 Bf5 28. Rg3+ Bg6 29. Rxe8 Rxe8 30. h3 Re1+ 31. Kh2 Qf5 32. Bxg6 fxg6 33. Re3 Rxe3 34. Qxe3 Kf7 35. Kg3 Qd7 36. Qd4 Qc6 37. Kf2 Qe6 38. Qc5 h5 39. Qe3 Qf5 40. Kg3 Qd7 41. Qb6 Qe7 42. a4 g5 43. Qd4 h4+ 44. Kf3 Qe6 45. b4 Kg6 46. b5 axb5 47. axb5 Qe1 48. Qxd5 Qxc3+ 49. Ke2 Qc2+ 50. Ke1 1/2-1/2

[Event "CZE-ch 2020"]
[Site "Pilsen"]
[Date "2020.08.23"]
[Round "1.24"]
[White "Jun, Rudolf"]
[Black "Mladek, Richard"]
[Result "1/2-1/2"]
[ECO "B51"]
[WhiteElo "2094"]
[BlackElo "2280"]
[Annotator "ChessBase"]
[PlyCount "92"]
[EventDate "2020.08.23"]
[EventType "swiss"]
[EventCountry "CZE"]
[SourceTitle "playchess.com"]
[Source "ChessBase"]
[SourceQuality "1"]
[TimeControl "40/5400+30:1800+30"]

1. e4 c5 2. Nf3 d6 3. Bb5+ Nd7 4. O-O a6 5. Bd3 Ngf6 6. Re1 g6 7. c3 Bg7 8. Bc2 O-O 9. d4 e5 10. d5 b5 11. Nbd2 Qc7 12. Nf1 c4 13. h3 Nh5 14. N3h2 a5 15. b3 cxb3 16. axb3 Qxc3 17. Bd2 Qc7 18. Bd3 Qb6 19. Be3 Qb8 20. Qd2 b4 21. Ra2 Nf4 22. Rea1 Nxd3 23. Qxd3 Ba6 24. Qd2 Bxf1 25. Nxf1 Qb5 26. Qe2 Qxe2 27. Rxe2 f5 28. f3 Rfc8 29. Rea2 fxe4 30. fxe4 Nf6 31. Nd2 Rc3 32. Bg5 h6 33. Bh4 Rd3 34. Be1 h5 35. Rxa5 Rxa5 36. Rxa5 Bh6 37. Ra8+ Kf7 38. Ra7+ Ke8 39. Ra8+ Kd7 40. Nc4 Nxe4 41. Bxb4 Rxb3 42. Ra7+ Kc8 43. Bxd6 Rb1+ 44. Kh2 Bf4+ 45. g3 Nxg3 46. Kg2 Nf5 1/2-1/2